 Dungeon Crawl Stone Soup version 0.25.0-26-g0c896c7088 (webtiles) character file.

Game seed: 5782572007106308108

189 Exodus22XD the Slasher (level 6, 0/69 HPs)
             Began as a Human Gladiator on July 4, 2020.
             Slain by Menkaure (9 damage)
             ... on level 4 of the Dungeon.
             The game lasted 00:03:21 (3961 turns).

Exodus22XD the Slasher (Human Gladiator)            Turns: 3961, Time: 00:03:23

Health: 0/69       AC: 23    Str: 17    XL:     6   Next: 0%
Magic:  6/6        EV:  2    Int:  8    God:
Gold:   119        SH:  0    Dex: 14    Spells: 5/5 levels left

rFire    . . .     SeeInvis .   a - +0 long sword
rCold    . . .     Gourm    .   (no shield)
rNeg     + + +     Faith    .   (armour currently unavailable)
rPois    +         Spirit   .   (helmet currently unavailable)
rElec    .         Reflect  .   (cloak currently unavailable)
rCorr    .         Harm     .   (gloves currently unavailable)
MR       .....     NoTele   +   (boots currently unavailable)
Stlth    ++........             (no amulet)
HPRegen  0.21/turn              (no ring)
MPRegen  0.10/turn              (no ring)

@: lethally poisoned (0 -> 0), tree-form
A: no striking features
a: no special abilities


You were on level 4 of the Dungeon.
You were hungry.
You were a tree.
You visited 1 branch of the dungeon, and saw 4 of its levels.

You collected 119 gold pieces.

Inventory:

Hand Weapons
 a - a +0 long sword (weapon)
Missiles
 d - 3 throwing nets (quivered)
Armour
 c - a +0 helmet (melded)
 k - a +0 scale mail (melded)
Wands
 v - a wand of iceblast (12)
Scrolls
 e - a scroll of amnesia
 j - 3 scrolls of fear
 l - 3 scrolls of teleportation
 m - 2 scrolls of blinking {unknown}
 o - 2 scrolls of remove curse {unknown}
 r - a scroll of fog {unknown}
 t - a scroll of magic mapping {unknown}
 w - a scroll of random uselessness {unknown}
Potions
 b - 2 potions of cancellation
 i - a potion of berserk rage {unknown}
 n - 2 potions of lignification
 p - a potion of mutation {unknown}
 q - a potion of heal wounds {unknown}
 s - 2 potions of experience {unknown}
Comestibles
 f - 9 rations


   Skills:
 + Level 2.4 Fighting
 + Level 4.7 Long Blades
 - Level 2.0 Throwing
 + Level 1.8 Armour
 + Level 4.0 Dodging
 + Level 0.7 Stealth


You had 5 spell levels left.
You didn't know any spells.
Your spell library was empty.

Dungeon Overview and Level Annotations

Branches:
Dungeon (4/15)
 Temple: D:4-7

Altars:
Xom
Yredelemnul

Annotations:
D:4 Menkaure


Message History

You feel stronger. Menkaure hits you!
You barely miss Menkaure. Menkaure hits you but does no damage.
The orc priest looks encouraged for a moment.
Menkaure hits you but does no damage.
You closely miss Menkaure.
You feel sick.
The ogre hits you with a +0 giant spiked club.
Menkaure completely misses you.
You hit Menkaure but do no damage. The ogre hits you but does no damage.
Menkaure shouts, "The curse of the Pharaohs be upon you!"
Menkaure hits you!
* * * LOW HITPOINT WARNING * * *
An orc comes into view. It is wielding a +0 hand axe.
The orc shouts!
You hit Menkaure.
Menkaure is lightly damaged.
You feel sick.
You hear a shout!
Menkaure hits you!
You die...

##....<##
#........#### #
#.#.........# ..
###..####.##.#
##....#....##. ##
#..........
##.####....# .
########..##...#..#
#.###.....M♣........
..
#....<##.o##O.?.#####
. #.....!......####
#...o...#.....
#.....##.......
#.....# ........
#.#.###.........#
#.#. ...%.....# # ..
.......


You could see an ogre, Menkaure (fast), an orc priest and an orc.

Vanquished Creatures
  Natasha (D:2)
  7 adders
  A worm (D:3)
  2 dart slugs
  4 leopard geckos
  An orc (D:2)
  4 bats
  3 giant cockroaches
  16 goblins
  10 hobgoblins
  5 jackals
  13 kobolds
  2 quokkas
  2 ball pythons (D:1)
  3 frilled lizards
  12 rats
86 creatures vanquished.

Notes
Turn   | Place    | Note
-------+----------+-------------------------------------------
     0 | D:1      | Exodus22XD the Human Gladiator began the quest for the Orb.
     0 | D:1      | Reached XP level 1. HP: 16/16 MP: 1/1
   215 | D:1      | Reached XP level 2. HP: 22/22 MP: 2/2
   657 | D:1      | Reached XP level 3. HP: 27/27 MP: 3/3
  1147 | D:2      | Reached XP level 4. HP: 19/33 MP: 4/4
  1720 | D:2      | Reached skill level 1 in Armour
  1906 | D:2      | Found a basalt altar of Yredelemnul.
  2082 | D:2      | Noticed Natasha
  2097 | D:2      | Killed Natasha
  2097 | D:2      | Reached XP level 5. HP: 17/39 MP: 5/5
  2410 | D:2      | Found a faded altar of an unknown god.
  2877 | D:3      | Found a shimmering altar of Xom.
  3886 | D:4      | Noticed an ogre
  3890 | D:4      | Noticed Menkaure
  3957 | D:4      | Reached XP level 6. HP: 38/46 MP: 6/6
  3961 | D:4      | Slain by Menkaure

Illustrated notes

Levels and vault maps discovered:
D:1:      wheals_arrival_shading, layout_basic
D:2:      layout_basic, nicolae_overflow_crystal_walls,
          chequers_ecumenical_altar_simple, hangedman_decor_points, uniq_natasha
D:3:      layout_basic, lemuel_doored_altar, serial_bayou_pond_b,
          kennysheep_generic_room_8
D:4:      layout_rooms, first_ration, uniq_menkaure

Skill      XL: |  1  2  3  4  5 |
---------------+----------------+-----
Armour         | 1 |  1.8
Long Blades    | 4 |  4.7
Dodging        | 4 |  4.0
Fighting       | |  2.4
Throwing       | |  2.0
Stealth        | |  0.7

Action                   |  1- 3 |  4- 6 || total
-------------------------+-------+-------++-------
Melee: Long sword        |    79 |   135 ||   214
  Use: Scroll            |       |     6 ||     6
       Potion            |       |     1 ||     1
 Stab: Sleeping          |     1 |       ||     1
  Eat: Chunk             |     1 |     8 ||     9
Armor: Leather armour    |     5 |       ||     5
       Scale mail        |    21 |    63 ||    84
       Skin              |       |     7 ||     7
Dodge: Dodged            |    52 |   126 ||   178
       Rpst.: Long sword |    19 |    31 ||    50
